 Dungeon Crawl Stone Soup version 0.24-a0-89-gce0dbf48b2 (webtiles) character file.

Game seed: 5203371097769492938

22 LLavrengius the Insei (level 2, 0/18 HPs)
             Began as an Octopode Transmuter on Feb 8, 2019.
             Slain by Terence
             ... wielding a +3 falchion of flaming
              (10 damage)
             ... on level 2 of the Dungeon.
             The game lasted 00:02:01 (1272 turns).

LLavrengius the Insei (Octopode Transmuter)         Turns: 1272, Time: 00:02:01

Health: 0/18       AC:  1    Str:  9    XL:     2   Next: 91%
Magic:  5/5        EV: 13    Int: 15    God:
Gold:   39         SH:  0    Dex: 12    Spells: 2/5 levels left

rFire    . . .     SeeInvis .     - Unarmed
rCold    . . .     Gourm    .   (no shield)
rNeg     . . .     Faith    .   (helmet restricted)
rPois    .         Spirit   .   (no amulet)
rElec    .         Reflect  .   (no ring)
rCorr    .         Harm     .   (no ring)
MR       .....                  (no ring)
Stlth    ++........             (no ring)
HPRegen  0.06/turn              (no ring)
MPRegen  0.09/turn              (no ring)
                                (no ring)
                                (no ring)

@: appendage (expiring)
A: almost no armour, stealthy swim, amphibious, 8 rings, constrict 8, tentacle
spike 3, camouflage 1, gelatinous body 1
a: End Transformation


You were on level 2 of the Dungeon.
You were not hungry.
One of your tentacles had a temporary spike.
You visited 1 branch of the dungeon, and saw 2 of its levels.

You collected 39 gold pieces.

Inventory:

Missiles
 a - 12 arrows
Scrolls
 d - a scroll of identify {unknown}
 e - a scroll of remove curse {unknown}
 h - a scroll of fear {unknown}
 l - a scroll of magic mapping {unknown}
Potions
 b - 2 potions of haste {unknown}
 f - a potion of heal wounds {unknown}
 g - a potion of might {unknown}
 i - a potion of resistance {unknown}
 j - a potion of cancellation {unknown}
 m - 2 potions of agility {unknown}
Comestibles
 c - 4 rations
 k - a chunk of flesh


   Skills:
 - Level 1.0 Fighting
 - Level 2.0 Dodging
 - Level 3.0 Unarmed Combat
 + Level 2.3 Spellcasting
 * Level 3.0 Transmutations


You had 2 spell levels left.
You knew the following spells:

 Your Spells              Type           Power        Failure   Level  Hunger
a - Beastly Appendage     Tmut           ##....       6%          1    #......
b - Sticks to Snakes      Tmut           ##......     10%         2    ###....

Your spell library contained the following spells:

 Spells                   Type           Power        Failure   Level  Hunger
 Spider Form              Tmut/Pois      #.........   34%         3    ###....
 Ice Form                 Ice/Tmut       #.......     75%         4    #####..
 Blade Hands              Tmut           ##........   86%         5    ######.


Dungeon Overview and Level Annotations

Branches:
Dungeon (2/15)

Altars:
Okawaru

Annotations:
D:2 Terence


Innate Abilities, Weirdness & Mutations

You cannot wear most types of armour.
You are very stealthy in the water. (Stealth+)
You are amphibious.
You can wear up to eight rings at the same time.
You can use your tentacles to constrict eight enemies at once.
Your skin changes colour to match your surroundings (Stealth+).
Your rubbery body absorbs attacks. (AC +1, EV +1)
One of your tentacles bears a large vicious spike.


Message History

You tentacle-slap Terence but do no damage.
You pierce Terence, but do no damage.
You tentacle-slap Terence, but do no damage.
Terence is lightly wounded.
You constrict Terence, but do no damage.
Terence hits you with a +3 falchion of flaming.
Terence burns you.
You tentacle-slap Terence.
Terence is moderately wounded.
You constrict Terence. Terence closely misses you.
You tentacle-slap Terence.
You pierce Terence.
You squeeze Terence.
Terence is severely wounded.
You constrict Terence, but do no damage.
Terence misses you.
You tentacle-slap Terence but do no damage.
Terence is severely wounded.
You constrict Terence.
Terence hits you with a +3 falchion of flaming!
Ouch! That really hurt!
You die...

###.##.# ##.##.#
###...#.#
#...#.).#
#####.#...###
...####...)....##
........###.####
##.###### #.# #@#
#@# ..# ####


You could see Terence.

Vanquished Creatures
  6 bats
  6 goblins
  4 hobgoblins
  A frilled lizard (D:2)
17 creatures vanquished.

Notes
Turn   | Place    | Note
-------+----------+-------------------------------------------
     0 | D:1      | LLavrengius the Octopode Transmuter began the quest for the
                  | Orb.
     0 | D:1      | Reached XP level 1. HP: 13/13 MP: 3/3
   529 | D:1      | Reached XP level 2. HP: 18/18 MP: 5/5
   533 | D:1      | Learned a level 2 spell: Sticks to Snakes
   611 | D:1      | Found an iron altar of Okawaru.
  1252 | D:2      | Noticed Terence
  1272 | D:2      | Slain by Terence

Levels and vault maps discovered:
D:1:      dpeg_arrival_three_same_balls, layout_loops_corners,
          okawaru_ov_weapons_minmay
D:2:      layout_loops_ring, uniq_terence

Skill      XL: |  1  2 |
---------------+-------+-----
Transmutations | 3 |  3.0
Fighting       | |  1.0
Dodging        | |  2.0
Unarmed Combat | |  3.0
Spellcasting   | |  2.3

Action                   || total
-------------------------++-------
Melee: Unarmed           ||    52
       Constrict         ||    18
       Tentacles         ||     6
       Kick              ||     4
       Punch             ||     1
 Cast: Beastly Appendage ||     2
 Stab: Sleeping          ||     5
  Eat: Chunk             ||     1
Armor: Skin              ||    10
Dodge: Dodged            ||    36

Table legend:
 A = Non-vault XP
 B = Vault XP
 C = Vault XP percentage of total XP
 D = Non-vault monster count
 E = Vault monster count
 F = Vault count percentage of total count
                 A         B        C        D         E       F
            +---------+---------+-------+---------+---------+-------
      Total |      32 |       0 |   0.0 |      17 |       0 |   0.0
            +---------+---------+-------+---------+---------+-------
        D:1 |      22 |       0 |   0.0 |      11 |       0 |   0.0
        D:2 |      10 |       0 |   0.0 |       6 |       0 |   0.0
            +---------+---------+-------+---------+---------+-------
